 Dungeon Crawl Stone Soup version 0.31-a0-229-g1fc7ce93e2 (webtiles) character file.

Game seed: 2399808802926457703

8107 porpoise the Carver (level 11, -5/118 HPs)
             Began as a Demonspawn Gladiator on July 7, 2023.
             Was a Follower of Nemelex Xobeh.
             Slain by a hornet (8 damage)
             ... on level 9 of the Dungeon.
             The game lasted 00:31:54 (8931 turns).

porpoise the Carver (Demonspawn Gladiator)          Turns: 8931, Time: 00:31:55

Health: -5/118     AC: 25    Str: 15    XL:     11   Next: 5%
Magic:  18/19      EV:  2    Int:  9    God:    Nemelex Xobeh [*.....]
Gold:   359        SH:  0    Dex: 25    Spells: 10/10 levels left

rFire   . . .        a - +0 scimitar (flame)
rCold   . . .        (no shield)
rNeg    . . .        p - melded +1 leather armour "Zupnyeha" {rC+ rN++ Stlth-}
rPois   +            (helmet currently unavailable)
rElec   .            y - melded +1 cloak
rCorr   .            g - melded +0 pair of gloves
SInv    .            (boots currently unavailable)
Will    .....        (no amulet)
Stlth   ++           o - +6 ring of dexterity
HPRegen 0.39/turn    x - +5 ring of evasion
MPRegen 0.16/turn

%: no passive effects
@: tree-form, hasted, very quick
A: stationary, stasis, torment immunity, boosted hp, (antennae 2), (hooves 1),
foul stench 2, (demonic touch 1)
a: Renounce Religion, Draw Escape, Draw Destruction, Draw Summoning


You were on level 9 of the Dungeon.
You worshipped Nemelex Xobeh.
Nemelex Xobeh was aware of your devotion.
You were a tree.
You visited 2 branches of the dungeon, and saw 10 of its levels.
You also visited: Bailey.

You collected 359 gold pieces.

Inventory:

Hand Weapons
 a - a +0 scimitar of flaming (weapon)
 b - a +0 orcbow
 z - a +0 long sword of freezing
Missiles
 d - 3 throwing nets
 e - a javelin
 v - 15 poisoned darts (quivered)
 B - 12 boomerangs
Armour
 g - a +0 pair of gloves (melded)
 p - the +1 leather armour "Zupnyeha" (melded) {rC+ rN++ Stlth-}
   (You found it on level 2 of the Dungeon)

   rC:        It protects you from cold.
   rN:        It greatly protects you from negative energy.
   Stlth:     It makes you less stealthy.
 y - a +1 cloak (melded)
 A - +0 steam dragon scales
 E - a +0 troll leather armour
Jewellery
 o - a +6 ring of dexterity (left branch)
 x - a +5 ring of evasion (right branch)
 F - the ring of Xom's Ringing Laughter {Fire rCorr}
   (You found it on level 7 of the Dungeon)

   [ring of fire]

   It enhances your fire magic.
   rF:        It protects you from fire.
   rC:        It makes you vulnerable to cold.
   rCorr:     It protects you from acid and corrosion.
 H - the ring of Qitheide {Fly rF+ MP+9 EV+5}
   (You took it off a kobold demonologist on level 9 of the Dungeon)

   [ring of evasion]

   EV:        It affects your evasion (+5).
   rF:        It protects you from fire.
   MP:        It affects your magic capacity (+9).
   Fly:       It grants you flight.
 I - an amulet of faith
Wands
 l - a wand of mindburst (5)
 D - a wand of charming (11)
Scrolls
 c - a scroll of torment
 h - 4 scrolls of teleportation
 i - a scroll of fog
 n - a scroll of fear
 u - a scroll of amnesia
 C - a scroll of enchant armour {unknown}
Potions
 f - 5 potions of brilliance
 j - a potion of attraction
 k - a potion of mutation
 m - 6 potions of enlightenment
 q - a potion of magic
 t - 2 potions of resistance
 w - 2 potions of cancellation


   Skills:
 - Level 5.0 Fighting
 * Level 12.5 Long Blades
 - Level 1.7 Throwing
 * Level 1.3 Armour
 - Level 5.0 Dodging
 + Level 10.7 Invocations


You had 10 spell levels left.
You didn't know any spells.
Your spell library contained the following spells:

 Spells                   Type           Power      Damage    Failure   Level
 Apportation              Tloc           0%         N/A       38%         1
 Necrotise                Necr           0%         1d4       38%         1
 Summon Small Mammal      Summ           0%         N/A       38%         1
 Sublimation of Blood     Necr           0%         N/A       52%         2
 Wereblood                Tmut           0%         N/A       52%         2
 Mephitic Cloud           Conj/Pois/Air  0%         N/A       77%         3
 Portal Projectile        Hex/Tloc       0%         N/A       77%         3
 Stone Arrow              Conj/Erth      0%         3d7       77%         3
 Tukima's Dance           Hex            0%         N/A       77%         3
 Animate Armour           Summ/Erth      0%         N/A       99%         4
 Leda's Liquefaction      Hex/Erth       0%         N/A       99%         4
 Blade Hands              Tmut           0%         N/A       100%        5
 Lee's Rapid Deconstruct  Erth           0%         3d4*      100%        5
 Conjure Ball Lightning   Conj/Air       0%         3x3d6     100%        6
 Leda's Unmaking          Conj/Erth      0%         9d1       100%        6
 Statue Form              Tmut/Erth      0%         N/A       100%        6
 Summon Hydra             Summ           0%         N/A       100%        7
 Lehudib's Crystal Spear  Conj/Erth      0%         10d2      100%        8


Dungeon Overview and Level Annotations

Branches:
Dungeon (9/15)             Temple (1/1) D:7            Lair (0/5) D:8
    Orc (0/2) D:9          Bailey (visited)

Altars:
Ashenzari
Cheibriados
Dithmenos
Fedhas
Hepliaklqana
Kikubaaqudgha
Makhleb
Nemelex Xobeh
Okawaru
Qazlal
Ru
Sif Muna
Trog
Uskayaw
Vehumet
Wu Jian

Shops:
D:8 *

Annotations:
D:3 3 runed translucent doors, osoart's ghost, amateur DsGl
D:4 2 transporters, pubby's ghost, weakling DjDe


Innate Abilities, Weirdness & Mutations

You are a tree.
Your roots penetrate the ground, keeping you stationary.
You cannot be teleported.
You are immune to unholy pain and torment.
Your maximum health is greatly increased.
Your equipment is partially melded.
((You have a pair of antennae on your head.))
((You have large cloven feet.))
You sometimes emit foul miasma when damaged in melee.
((Your touch may inflict minor irresistible damage on your foes.))


Message History

* * * LOW HITPOINT WARNING * * *
You emit a cloud of foul miasma!
The troll completely misses you. The troll closely misses you.
Unknown command.
The black mamba misses you. The polar bear barely misses you.
The polar bear completely misses you. The polar bear misses you.
The hornet closely misses you. The black mamba misses you.
The troll is engulfed in dark miasma.
The troll is poisoned.
The troll completely misses you. The troll misses you. x2
The polar bear bites you but does no damage.
The polar bear closely misses you. The polar bear claws you.
* * * LOW HITPOINT WARNING * * *
You emit a cloud of foul miasma!
The hornet closely misses you.
Really quaff the potion of lignification?
You turn into a tree.
Your +1 cloak melds into your body.
Your +0 pair of gloves melds into your body.
The +1 leather armour "Zupnyeha" {rC+ rN++ Stlth-} melds into your body.
Your roots penetrate the ground.
The black mamba bites you but does no damage.
Your orb of destruction hits a rock wall.
The black mamba barely misses you.
The troll is engulfed in dark miasma.
The troll looks even sicker.
The troll bites you but does no damage. The troll barely misses you.
The troll claws you but does no damage.
The hornet stings you but does no damage.
The polar bear is engulfed in dark miasma.
The polar bear is poisoned.
The polar bear seems to slow down.
The polar bear bites you but does no damage.
The polar bear claws you but does no damage. x2
You are too injured to fight recklessly!
You slice the troll!! You burn the troll.
You kill the troll!
The polar bear is no longer moving slowly.
The black mamba bites you.
* * * LOW HITPOINT WARNING * * *
You emit a cloud of foul miasma!
You hit the black mamba. You burn the black mamba.
The black mamba is lightly wounded.
The hornet stings you!
You die...
Your body disappears without a glow.

.#. ##...# #.... ...
##....# #....
.###'###.....# #....
......(......###
...#....
.......(.....○.#
.....#....
........(....○.# ....
#....
.........(...○.#....
#....
..>......y°S°..##'##
#....
.......†÷h♣÷.......#
#....
...#########|......#
#.... .
.......#†......# #....
.......#.†.....####....
.......#...............
.......#.....).........
.......'...............
.......#..............)
########..........÷.)..


You could see a polar bear (poisoned, misshapen), a black mamba (misshapen) and
a hornet (misshapen).

Vanquished Creatures
  A two-headed ogre (D:8)
  2 manticores (D:9)
  2 kobold demonologists (D:9)
  4 trolls (D:9)
  A blink frog (D:9)
  7 yaks
  A hog (shapeshifter) (D:9)
  A golden eye (D:9)
  Eustachio (D:6)
  3 steam dragons (D:9)
  An unseen horror simulacrum (D:9)
  A vampire mosquito (D:9)
  7 water moccasins
  3 orc warriors
  3 black bears
  A sky beast (D:7)
  An ice beast (D:7)
  3 centaurs
  2 kobold brigands
  4 bullfrogs
  A gnoll sergeant (D:8)
  2 scorpions
  4 killer bees
  4 howler monkeys
  An orc priest (D:9)
  A gnoll bouda (D:8)
  3 hounds
  Crazy Yiuf (D:3)
  5 orc wizards
  4 gnolls (D:8)
  4 adders
  A shadow imp (D:7)
  2 white imps
  2 adder zombies (D:2)
  An adder skeleton (D:2)
  A worm (D:2)
  4 dart slugs
  20 orcs
  A bat zombie (D:2)
  9 endoplasms
  5 giant cockroaches
  10 hobgoblins
  6 jackals
  3 quokkas
  8 ball pythons
  A ball python zombie (D:2)
  8 bats
  4 frilled lizards
  15 goblins
  25 kobolds
  2 quokka skeletons (D:2)
  6 rats
213 creatures vanquished.

Vanquished Creatures (others)
  A kobold (Bailey)
1 creature vanquished.

Grand Total: 214 creatures vanquished

Notes
Turn   | Place    | Note
-------+----------+-------------------------------------------
     0 | D:1      | porpoise the Demonspawn Gladiator began the quest for the
                  | Orb.
     0 | D:1      | Reached XP level 1. HP: 16/16 MP: 1/1
   166 | D:1      | Reached skill level 3 in Long Blades
   188 | D:1      | Discovered your monstrous ancestry.
   188 | D:1      | Gained mutation: You have large cloven feet. [demonic
                  | ancestry]
   188 | D:1      | Reached XP level 2. HP: 22/22 MP: 2/2
   914 | D:2      | Gained mutation: You have a pair of small antennae on your
                  | head. [demonic ancestry]
   914 | D:2      | Reached XP level 3. HP: 16/28 MP: 3/3
   921 | D:1      | HP: 1/28 [poisoned by a kobold]
  1387 | D:2      | Identified the +1 leather armour "Zupnyeha" {rC+ rN++
                  | Stlth-}
  1548 | D:2      | Reached skill level 4 in Long Blades
  1548 | D:2      | Gained mutation: You have a pair of antennae on your head.
                  | [demonic ancestry]
  1548 | D:2      | Reached XP level 4. HP: 34/34 MP: 4/4
  1861 | D:3      | Found a radiant altar of Vehumet.
  2297 | D:3      | Found a runed translucent gate.
  2297 | D:3      | Found a runed translucent gate.
  2297 | D:3      | Found a runed translucent gate.
  2297 | D:3      | Noticed osoart's ghost (amateur DsGl)
  2562 | D:3      | Found a runed translucent door.
  2563 | D:3      | Noticed Crazy Yiuf
  2572 | D:3      | Killed Crazy Yiuf
  2573 | D:3      | Gained mutation: Your touch may inflict minor irresistible
                  | damage on your foes. [demonic ancestry]
  2573 | D:3      | Reached XP level 5. HP: 12/41 MP: 5/5
  3037 | D:4      | Reached skill level 5 in Long Blades
  3170 | D:4      | Found a transporter.
  3172 | D:4      | Noticed an ogre
  3173 | D:4      | Noticed pubby's ghost (weakling DjDe)
  3174 | D:4      | Noticed an ogre
  3179 | D:4      | Found a transporter.
  3471 | D:5      | Entered Level 5 of the Dungeon
  3782 | D:5      | Reached XP level 6. HP: 48/48 MP: 6/6
  3944 | D:5      | Noticed a water moccasin
  3948 | D:5      | Killed a water moccasin
  4521 | D:6      | Reached skill level 6 in Long Blades
  4559 | D:6      | Found a bloodstained altar of Trog.
  4608 | D:6      | Found a blossoming altar of Fedhas.
  4609 | D:6      | Noticed Eustachio
  4620 | D:6      | Killed Eustachio
  4621 | D:6      | Reached XP level 7. HP: 38/55 MP: 7/7
  4741 | D:6      | Found a broken altar of Ashenzari.
  5087 | D:6      | Reached skill level 5 in Fighting
  5131 | D:7      | Found a staircase to the Ecumenical Temple.
  5152 | Temple   | Entered the Ecumenical Temple
  5203 | Temple   | Became a worshipper of Nemelex Xobeh the Trickster
  5220 | D:7      | Identified the ring of Xom's Ringing Laughter {Fire rCorr}
  5390 | D:7      | Reached skill level 7 in Long Blades
  5390 | D:7      | Reached skill level 1 in Invocations
  5500 | D:7      | Gained mutation: You may rarely emit foul miasma when
                  | damaged in melee. [demonic ancestry]
  5500 | D:7      | Reached XP level 8. HP: 62/62 MP: 9/9
  6139 | D:8      | Found a flagged portal.
  6218 | D:8      | Reached skill level 8 in Long Blades
  6225 | D:8      | Reached skill level 5 in Dodging
  6287 | Bailey   | Entered a bailey
  6398 | Bailey   | Noticed an orc warlord
  6449 | Bailey   | Noticed an orc knight
  6482 | D:8      | Reached skill level 5 in Invocations
  6482 | D:8      | Reached XP level 9. HP: 6/68 MP: 12/12
  6628 | D:8      | Reached skill level 9 in Long Blades
  6712 | D:8      | Found a staircase to the Lair.
  6867 | D:8      | Found Sinug's Demolitions Depot.
  6911 | D:8      | Got the Elucidation of Different Conflict
  6976 | D:8      | Reached * piety under Nemelex Xobeh
  7600 | D:9      | Received a gift from Nemelex Xobeh
  7672 | D:9      | Reached skill level 10 in Long Blades
  7724 | D:9      | Noticed a troll
  7732 | D:9      | Killed a troll
  7891 | D:9      | Noticed a troll
  7891 | D:9      | Noticed a two-headed ogre
  7892 | D:9      | Noticed a manticore
  7897 | D:9      | Gained mutation: You sometimes emit foul miasma when
                  | damaged in melee. [demonic ancestry]
  7897 | D:9      | Reached XP level 10. HP: 74/74 MP: 16/16
  7899 | D:9      | Noticed a manticore
  7908 | D:9      | Killed a manticore
  7910 | D:9      | Reached skill level 11 in Long Blades
  7925 | D:9      | Noticed a two-headed ogre
  8150 | D:8      | Killed a two-headed ogre
  8402 | D:9      | Found a staircase to the Orcish Mines.
  8566 | D:9      | Identified the ring of Qitheide {Fly rF+ MP+9 EV+5}
  8579 | D:9      | Reached skill level 12 in Long Blades
  8579 | D:9      | Reached skill level 10 in Invocations
  8678 | D:9      | Killed a manticore
  8752 | D:9      | Identified the staff of Ancient Evil {rElec rN+ Will+ Str+2
                  | Necro}
  8918 | D:9      | a yak changed into a black mamba
  8918 | D:9      | Noticed a black mamba
  8921 | D:9      | Reached XP level 11. HP: 37/79 MP: 17/19
  8924 | D:9      | Reached skill level 1 in Armour
  8924 | D:9      | HP: 3/79 [poisoned by a hornet]
  8930 | D:9      | HP: 2/118 [black mamba (1)]
  8931 | D:9      | Slain by a hornet

Illustrated notes

Levels and vault maps discovered:
D:1:      lightli_arrival_lavapool, layout_basic
D:2:      layout_basic, serial_undead, serial_undead_c, serial_undead_e,
          serial_undead_e, serial_undead_b, serial_undead_c, serial_undead_c,
          serial_undead_d, serial_undead_c, serial_undead_d, serial_undead_d,
          minmay_misc_feat_secret_circle, minmay_split_cup_small
D:3:      layout_loops_ring, nicolae_vehumet_altar_sigil,
          ebering_ghost_rock_garden, minmay_goblin_outpost,
          uniq_crazy_yiuf_cottage
D:4:      layout_rooms, gammafunk_ghost_smash
D:5:      layout_loops_ring
D:6:      layout_loops_ring, overflow_temple_1_default,
          mainiacjoe_overflow_concentric_impassable, evilmike_ruin_ashenzari,
          mainiacjoe_overflow_24_doors, uniq_eustachio
D:7:      layout_loops_ring, minmay_temple_entry_steel_oval
D:8:      layout_basic, due_lair_maze_entry_diamond, enter_bailey_1,
          nicolae_ossuary_entry_false_entrances, nicolae_blasting_shop
D:9:      minmay_the_grid_octo_2x2 [minmay_the_grid_octo_horde,
          minmay_the_grid_octo_chip, minmay_the_grid_octo_vomiting_pacman,
          minmay_the_grid_octo_prize_ultimate_mussel_roller],
          layout_irregular_city, lemuel_zombie_altar_yredelemnul
Temple:   nicolae_temple_ecumenical_triangle

Skill      XL: |  1  2  3  4  5  6  7  8  9 10 11 |
---------------+----------------------------------+-----
Long Blades    | 3 4 5 6 7 8 10 12 | 12.5
Fighting       | 3 4 5 |  5.0
Dodging        | 3 5 |  5.0
Invocations    | 2 5 8 10 | 10.7
Armour         | 1 |  1.3
Throwing       | |  1.7

Action                     |  1- 3 |  4- 6 |  7- 9 | 10-12 || total
---------------------------+-------+-------+-------+-------++-------
  Melee: Long sword        |   129 |   165 |   137 |       ||   431
         Punch             |     2 |     2 |     2 |     1 ||     7
         Kick              |    24 |    43 |    59 |    38 ||   164
         Touch             |       |    16 |    33 |    18 ||    67
         Scimitar          |       |       |    46 |    86 ||   132
  Throw: Dart              |       |       |       |     8 ||     8
 Invoke: Draw Destruction  |       |       |     2 |     3 ||     5
         Draw Escape       |       |       |       |     1 ||     1
    Use: Scroll            |       |    10 |    12 |     1 ||    23
         Potion            |       |       |     1 |     5 ||     6
 Armour: Leather armour    |    33 |    28 |    40 |    22 ||   123
         Skin              |       |       |       |     7 ||     7
  Dodge: Dodged            |   101 |   126 |   183 |   140 ||   550

Table legend: (Time is in decaauts)
 A = Elapsed time spent in this place.
 B = Non-inter-level travel time spent in this place.
 C = Inter-level travel time spent in this place.
 D = Time resting spent in this place.
 E = Time spent auto-exploring this place.
 F = Levels seen in this place.
 G = Mean time per level.
                   A        B        C        D        E       F      G
               +--------+--------+--------+--------+--------+-----+--------+
         Total |   8967 |   8667 |    300 |   2276 |   4640 |  11 |  815.2 |
       Dungeon |   8732 |   8439 |    293 |   2190 |   4606 |   9 |  970.2 |
        Temple |     58 |     51 |      7 |      0 |     34 |   1 |   58.0 |
        Bailey |    176 |    176 |      0 |     86 |      0 |   1 |  176.0 |
               +--------+--------+--------+--------+--------+-----+--------+

Top non-repeatable levels by time:
     D:8: 1628 daAuts
     D:3: 1142 daAuts
     D:9: 1081 daAuts
     D:1: 1037 daAuts
     D:5: 922 daAuts
     D:7: 850 daAuts
     D:2: 778 daAuts
     D:6: 730 daAuts
     D:4: 560 daAuts
  Bailey: 176 daAuts
  Temple: 58 daAuts
